 Dungeon Crawl Stone Soup version 0.28-a0-1518-gbe868bca14 (webtiles) character file.

Game seed: 17242574433575192391

106222 Lekart the Peltast (level 15, -17/132 HPs)
             Began as a Red Draconian Abyssal Knight on Jan 16, 2022.
             Was the Champion of Lugonu.
             Demolished by a skeletal warrior (28 damage)
             ... led by a skeletal warrior
             ... on level 15 of the Dungeon on Jan 17, 2022.
             The game lasted 01:35:56 (35570 turns).

Lekart the Peltast (Red Draconian Abyssal Knight)  Turns: 35570, Time: 01:35:57

Health: -17/132    AC: 14    Str: 19    XL:     15   Next: 96%
Magic:  34/34      EV: 18    Int:  7    God:    Lugonu [******]
Gold:   1784       SH: 30    Dex: 19    Spells: 14/14 levels left

rFire   + + +      SeeInvis .   g - +9 spear (venom)
rCold   x x .      Faith    .   b - +10 tower shield of Ignorance {rN+ Int-4}
rNeg    + + +      Spirit   .   (armour unavailable)
rPois   .          Reflect  .   (helmet restricted)
rElec   +          Harm     .   z - +1 cloak
rCorr   .          Rampage  .   j - +1 pair of gloves
Will    +....      Rage     1%  m - +0 pair of boots
Stlth   +++.......              l - amulet "Hodoihalanga" {Acrobat rElec rC- rN++}
HPRegen 0.32/turn               V - ring of Ohyplis {Fire Fly rElec MP+9 Stlth+}
MPRegen 0.24/turn               v - ring of Kiuc {Wiz rF+ Str+4}

@: on berserk cooldown, flying, slowed, very slow
A: breathe fire, AC +9, unfitting armour, fire resistance 1, cold-blooded,
berserk 1
a: Breathe Fire, Renounce Religion, Depart the Abyss, Bend Space, Banish,
Corrupt, Enter the Abyss, Brand Weapon With Distortion


You were on level 15 of the Dungeon.
You worshipped Lugonu.
Lugonu was exalted by your worship.
You visited 3 branches of the dungeon, and saw 23 of its levels.
You visited the Abyss 2 times.

You collected 2003 gold pieces.
You spent 219 gold pieces at shops.

Inventory:

Hand Weapons
 g - a +9 spear of venom (weapon)
 M - the +2 mace "Isillos" {flame, rC- Int+3 Stlth+}
   (You found it on level 2 of the Lair of Beasts)

   It burns those it strikes, dealing additional fire damage.
   Int:       It affects your intelligence (+3).
   rC:        It makes you vulnerable to cold.
   Stlth:     It makes you more stealthy.
Missiles
 d - 11 curare-tipped darts
 o - 5 datura-tipped darts (quivered)
 w - 2 throwing nets
Armour
 b - the +10 tower shield of Ignorance (worn) {rN+ Int-4}
   (You found it on level 8 of the Dungeon)

   Int:       It affects your intelligence (-4).
   rN:        It protects you from negative energy.
 j - a +1 pair of gloves (worn)
 m - a +0 pair of boots (worn)
 z - a +1 cloak (worn)
Jewellery
 h - a ring of protection from fire
 l - the amulet "Hodoihalanga" (around neck) {Acrobat rElec rC- rN++}
   (You found it on level 3 of the Dungeon)

   [amulet of the acrobat]

   It increases your evasion while moving and waiting.
   rC:        It makes you vulnerable to cold.
   rElec:     It insulates you from electricity.
   rN:        It greatly protects you from negative energy.
 v - the ring of Kiuc (right hand) {Wiz rF+ Str+4}
   (You took it off an orc on level 7 of the Dungeon)

   [ring of wizardry]

   It improves your spell success rate.
   Str:       It affects your strength (+4).
   rF:        It protects you from fire.
 y - a +4 ring of protection
 D - a +4 ring of protection
 T - an amulet of faith
 V - the ring of Ohyplis (left hand) {Fire Fly rElec MP+9 Stlth+}
   (You found it on level 14 of the Dungeon)

   [ring of fire]

   It enhances your fire magic.
   rF:        It protects you from fire.
   rC:        It makes you vulnerable to cold.
   rElec:     It insulates you from electricity.
   MP:        It affects your magic capacity (+9).
   Fly:       It grants you flight.
   Stlth:     It makes you more stealthy.
 W - a ring of poison resistance
Wands
 x - a wand of charming (18)
 A - a wand of paralysis (5)
 B - a wand of flame (27)
 L - a wand of digging (12)
 S - a wand of iceblast (3)
Scrolls
 c - 4 scrolls of amnesia
 k - 4 scrolls of magic mapping
 p - 3 scrolls of fear
 q - 4 scrolls of fog
 C - 3 scrolls of enchant weapon
 G - 2 scrolls of enchant armour
 H - 5 scrolls of blinking
 N - 8 scrolls of teleportation
 Q - 6 scrolls of identify
 R - 3 scrolls of summoning
Potions
 e - 9 potions of curing
 i - 9 potions of heal wounds
 n - 3 potions of brilliance
 r - 3 potions of lignification
 s - 4 potions of might
 t - a potion of invisibility
 F - a potion of mutation {unknown}
 J - 2 potions of haste
 P - a potion of berserk rage
Miscellaneous
 O - a lightning rod (4/4)


   Skills:
 * Level 12.1 Fighting
 + Level 2.6 Long Blades
 + Level 7.3 Maces & Flails
 + Level 10.8 Polearms
 + Level 1.9 Throwing
 + Level 12.0 Dodging
 + Level 16.0 Shields
 * Level 13.8 Invocations
 + Level 0.2 Evocations


You had 14 spell levels left.
You didn't know any spells.
Your spell library contained the following spells:

 Spells                   Type           Power      Damage    Failure   Level
 Animate Skeleton         Necr           0%         N/A       50%         1
 Pain                     Necr           0%         1d4       50%         1
 Shock                    Conj/Air       0%         1d3       50%         1
 Corpse Rot               Necr/Air       0%         N/A       63%         2
 Ensorcelled Hibernation  Hex/Ice        0%         N/A       63%         2
 Poisonous Vapours        Pois/Air       0%         N/A       63%         2
 Conjure Flame            Conj/Fire      0%         6-21      85%         3
 Dazzling Flash           Conj/Hex       0%         N/A       85%         3
 Ignite Poison            Fire/Tmut/Pois 0%         N/A       85%         3
 Spider Form              Tmut/Pois      0%         N/A       85%         3
 Swiftness                Air            0%         N/A       85%         3
 Vampiric Draining        Necr           0%         2d6       85%         3
 Airstrike                Air            0%         N/A       99%         4
 Anguish                  Hex/Necr       0%         N/A       99%         4
 Hailstorm                Conj/Ice       0%         3d3       99%         4
 Ice Form                 Ice/Tmut       0%         N/A       99%         4
 Sticky Flame             Conj/Fire      0%         2d3       99%         4
 Metabolic Englaciation   Hex/Ice        0%         N/A       100%        5
 Summon Forest            Summ/Tloc      0%         N/A       100%        5
 Conjure Ball Lightning   Conj/Air       0%         3x3d6     100%        6
 Eringya's Noxious Bog    Tmut/Pois      0%         N/A       100%        6
 Simulacrum               Ice/Necr       0%         N/A       100%        6
 Summon Hydra             Summ           0%         N/A       100%        7


Dungeon Overview and Level Annotations

Branches:
Dungeon (15/15)            Temple (0/1) D:4            Lair (6/6) D:10
  Swamp (0/4) Lair:3       Spider (0/4) Lair:3        Slime (0/5) Lair:5
    Orc (2/2) D:11            Elf (0/3) Orc:2        Vaults (0/5) D:14
 Depths: D:15

Altars:
Dithmenos
Fedhas
Gozag
Hepliaklqana
Makhleb
Nemelex Xobeh
Okawaru
Sif Muna
Uskayaw
Vehumet
The Shining One
Beogh
Jiyva

Shops:
D:15 !   Orc:2 (*([

Annotations:
D:3 exclusion: downstairs
D:8 1 runed translucent door, exclusion: 4 orange crystal statues
D:9 exclusion: downstairs
D:13 exclusion: downstairs
Lair:5 exclusion: downstairs
Orc:1 2 transporters, Anuhiqid's ghost, journeyman TeBe
Abyss:1 Maurice, Nessos, Rupert, Snorg


Innate Abilities, Weirdness & Mutations

You can breathe blasts of fire.
Your fiery red scales are hard. (AC +9)
You cannot fit into any form of body armour.
Your flesh is heat resistant. (rF+)
You are cold-blooded and may be slowed by cold attacks.
You tend to lose your temper in combat.


Message History

You pass through the gate.
Welcome back to the Dungeon!
You block the vampire mosquito's attack.
A vampire mosquito comes into view.
The vampire mosquito completely misses you.
You block the vampire mosquito's attack. x3
You block the tengu warrior's attack.
The tengu warrior pecks you but does no damage.
The tengu warrior barely misses you.
You block the vampire mosquito's attack.
The orc knight roars a battlecry!
The orc warrior goes into a battle-frenzy!
The skeletal warrior misses you.
You block the vampire mosquito's attack.
The vampire mosquito bites you!
The skeletal warrior hits you with a +0 long sword!
The skeletal warrior completely misses you.
The vampire mosquito bites you!
The tengu warrior completely misses you. x2
The tengu warrior claws you but does no damage.
The skeletal warrior barely misses you. The vampire mosquito bites you.
You block the skeletal warrior's attack.
The skeletal warrior hits you but does no damage.
An orc sorcerer comes into view. It is wielding a +0 dagger.
The vampire mosquito bites you but does no damage.
The vampire mosquito bites you.
The tengu warrior completely misses you.
The tengu warrior closely misses you. The tengu warrior claws you.
The skeletal warrior hits you with a +0 mace!!
* * * LOW HITPOINT WARNING * * *
There is a stone staircase leading up, spattered with blood here.
Magic restored.
You block the vampire mosquito's attack. x3
The vampire mosquito closely misses you.
The vampire mosquito barely misses you.
The skeletal warrior hits you with a +0 long sword!!
* * * LOW HITPOINT WARNING * * *
The vampire mosquito completely misses you.
The skeletal warrior hits you with a +0 battleaxe!!
You die...

...# #.......###.#.#.###.
##.#########|.##..####[####..
.o..Zyyy.o...####.....⌠......
##..oQ#####..###(.####.####..
###.8T.# #..##?$###.#.#.###.
##....##...[.###.##.##.###
#∩.zQ.....Z.y..###.###...
#..§.....oyyzy.##...##...
z<......o.yD@z.#..#..#..#
#.........#zQ#...###.(.##
8.§......py###.....
..####......# ####.#
#..#..... # ..........##
.....#....# .####.##### #


You could see a six-headed hydra, an orc knight, 3 skeletal warriors, a tengu
warrior, a wizard, an orc sorcerer, an orc warrior (strong), 6 vampire
mosquitoes and a redback simulacrum.

Vanquished Creatures
  An orc warlord (Orc:2)
  A stone giant (D:14)
  10 hydras
  3 vault guards (D:14)
  2 boulder beetles
  A catoblepas (Lair:4)
  A centaur warrior (D:13)
  An anaconda (Lair:6)
  14 death yaks
  3 two-headed ogres
  5 orc high priests (Orc:2)
  3 tengu warriors
  5 skeletal warriors
  A deep troll (D:14)
  2 bog bodies (Lair:3)
  8 orc knights
  An orb spider (Lair:3)
  Pikel (D:8)
  2 necromancers (D:14)
  2 wizards (D:14)
  A wolf spider (Lair:6)
  An ugly thing (D:13)
  A manticore (Lair:6)
  8 orc sorcerers
  5 cyclopes
  6 elephants
  5 black mambas
  17 cane toads
  A torpor snail (Lair:4)
  2 gargoyles
  2 smoke demons (Abyss:4)
  An orange demon (Abyss:4)
  A yaktaur (D:14)
  A demonic crawler (Abyss:4)
  2 efreet (D:14)
  3 kobold demonologists
  9 komodo dragons
  3 rime drakes
  3 tengu conjurers
  5 polar bears (Lair:5)
  The ghost of eklitias the Ogre Mage, an amateur OgVM (D:7)
  3 meliai
  7 trolls
  A polar bear (shapeshifter) (D:14)
  7 hornets (Lair:6)
  6 dream sheep
  5 slime creatures (D:14)
  9 blink frogs
  Prince Ribbit (D:6)
  A meliai zombie (D:11)
  A wyvern (Lair:6)
  4 wraiths
  A flying skull (Abyss:4)
  2 shadows
  16 humans (D:14)
  14 spriggans (Lair:6)
  5 basilisks
  A steam dragon (shapeshifter) (D:15)
  50 yaks
  3 steam dragons
  7 vampire mosquitoes
  6 wargs
  Duvessa (D:6)
  20 water moccasins
  2 acid dragons
  47 orc warriors
  5 black bears
  2 ice beasts
  A sky beast (D:6)
  14 ogres
  3 boggarts (Lair:6)
  35 wolves
  5 centaurs
  A necrophage (D:6)
  A phantom (D:4)
  2 lemures (D:7)
  3 kobold brigands
  8 gnoll sergeants
  22 bullfrogs
  A scorpion (D:4)
  A water moccasin zombie (D:7)
  Dowan (D:6)
  8 wights
  2 electric eels
  A howler monkey (D:14)
  4 centaur zombies
  2 hounds
  2 jellies
  A gnoll shaman (D:8)
  28 orc priests
  3 iguanas
  13 orc wizards
  A howler monkey zombie (D:5)
  2 howler monkey skeletons
  12 gnolls
  5 adders
  14 white imps
  2 ufetubi
  3 worms
  109 orcs
  6 ball pythons
  8 endoplasms
  5 giant cockroaches
  4 goblins
  9 hobgoblins
  3 jackals (D:2)
  14 kobolds
  A quokka (D:3)
  9 bats
  4 frilled lizards
  5 rats
750 creatures vanquished.

Vanquished Creatures (collateral kills)
  An orc priest (Orc:2)
  An orc wizard (D:4)
  2 orcs (Orc:2)
4 creatures vanquished.

Vanquished Creatures (others)
  A tengu conjurer (D:13)
  An orc priest (Orc:2)
  An orc wizard (Orc:2)
  An orc (Orc:2)
  77 fungi
  108 plants
189 creatures vanquished.

Grand Total: 943 creatures vanquished

Notes
Turn   | Place    | Note
-------+----------+-------------------------------------------
     0 | Abyss:1  | Lekart the Draconian Abyssal Knight began the quest for the
                  | Orb.
     0 | Abyss:1  | Reached XP level 1. HP: 19/19 MP: 2/2
    40 | Abyss:1  | Noticed a small abomination
    41 | D:1      | Escaped the Abyss
   300 | D:1      | Reached XP level 2. HP: 26/26 MP: 3/3
   919 | D:2      | Reached * piety under Lugonu
  1163 | D:2      | Reached XP level 3. HP: 33/33 MP: 4/4
  1838 | D:3      | Reached XP level 4. HP: 40/40 MP: 5/5
  1843 | D:3      | Found an opulent altar of Gozag.
  1846 | D:3      | Reached ** piety under Lugonu
  1940 | D:3      | Identified the amulet "Hodoihalanga" {Acrobat rElec rC-
                  | rN++}
  2035 | D:3      | Reached skill level 1 in Maces & Flails
  2545 | D:3      | Found a radiant altar of Vehumet.
  2566 | D:3      | Found a hazy altar of Hepliaklqana.
  2675 | D:4      | Noticed a phantom
  2739 | D:4      | Reached XP level 5. HP: 27/46 MP: 7/7
  2925 | D:4      | Found a burning altar of Makhleb.
  3044 | D:4      | Found a staircase to the Ecumenical Temple.
  3080 | D:4      | Killed a phantom
  3081 | D:4      | Reached XP level 6. HP: 27/52 MP: 8/8
  3307 | D:4      | Identified the +3 scale mail of the Beginning {Str-4 Int+3
                  | Slay+2}
  3917 | D:5      | Entered Level 5 of the Dungeon
  4396 | D:5      | Got Sif Muna's Papyrus of Damaging Execration
  4986 | D:6      | Noticed a sky beast
  4998 | D:6      | Killed a sky beast
  4999 | D:6      | Your scales start taking on a fiery red colour.
  4999 | D:6      | Reached XP level 7. HP: 44/60 MP: 9/9
  4999 | D:6      | Gained mutation: Your flesh is heat resistant. (rF+) [Red
                  | Draconian growth]
  5140 | D:6      | Found an iron altar of Okawaru.
  5389 | D:6      | Reached skill level 5 in Dodging
  5457 | D:6      | Noticed Duvessa
  5458 | D:6      | Noticed Dowan
  5478 | D:6      | Killed Duvessa
  5504 | D:6      | Killed Dowan
  5505 | D:6      | Reached skill level 5 in Fighting
  5894 | D:6      | Noticed Prince Ribbit
  5900 | D:6      | Killed Prince Ribbit
  5901 | D:6      | Reached XP level 8. HP: 56/68 MP: 11/11
  5985 | D:6      | Reached skill level 5 in Maces & Flails
  6369 | D:6      | Upgraded the game from 0.28-a0-1513-ge4f4046303 to
                  | 0.28-a0-1518-gbe868bca14
  6373 | D:7      | Reached skill level 5 in Invocations
  6490 | D:7      | Found a runed translucent gate.
  6491 | D:7      | Found a runed translucent gate.
  6492 | D:7      | Found a runed translucent gate.
  6494 | D:7      | Noticed eklitias's ghost (amateur OgVM)
  7360 | D:7      | Reached *** piety under Lugonu
  7363 | D:7      | Identified the ring of Kiuc {Wiz rF+ Str+4}
  7427 | D:7      | Reached XP level 9. HP: 75/75 MP: 13/13
  7501 | D:7      | Killed eklitias's ghost
  7697 | D:8      | Noticed Pikel
  8374 | D:8      | Noticed an orange crystal statue
  8376 | D:8      | Found the +10 tower shield of Ignorance {rN+ Int-4}
  8390 | D:8      | Found a runed translucent door.
  8403 | D:8      | Found a runed translucent door.
  8549 | D:8      | Killed Pikel
  8598 | D:8      | Noticed an orange crystal statue
  8598 | D:8      | Noticed an orange crystal statue
  8598 | D:8      | Noticed an orange crystal statue
  8876 | D:8      | Found a glowing golden altar of the Shining One.
  8916 | D:8      | Reached skill level 1 in Shields
  8961 | D:8      | Reached skill level 1 in Polearms
  9106 | D:8      | Found a sparkling altar of Nemelex Xobeh.
  9176 | D:8      | Reached skill level 2 in Shields
  9462 | D:9      | Found a shimmering blue altar of Sif Muna.
  9626 | D:9      | Noticed a centaur warrior
  9634 | D:9      | Banished a centaur warrior
  9635 | D:9      | Reached skill level 3 in Shields
  9635 | D:9      | Reached XP level 10. HP: 42/84 MP: 9/15
  9642 | D:9      | Reached skill level 4 in Shields
 10011 | D:9      | Noticed a two-headed ogre
 10017 | D:9      | Killed a two-headed ogre
 10018 | D:9      | Reached skill level 5 in Shields
 10171 | D:10     | Entered Level 10 of the Dungeon
 10217 | D:9      | Reached skill level 6 in Shields
 10547 | D:10     | Noticed a gargoyle
 10827 | D:10     | Reached skill level 7 in Shields
 10833 | D:10     | Reached **** piety under Lugonu
 10834 | D:10     | Reached XP level 11. HP: 91/91 MP: 16/16
 10940 | D:10     | Found a staircase to the Lair.
 11232 | D:10     | Found a shadowy altar of Dithmenos.
 11247 | D:10     | Found a blossoming altar of Fedhas.
 12038 | D:11     | Noticed a seven-headed hydra
 12042 | D:11     | Banished a seven-headed hydra
 12043 | D:11     | Reached skill level 8 in Shields
 12130 | D:11     | Noticed Maurice
 12392 | D:11     | Banished Maurice
 12555 | D:11     | Noticed a +0 short sword
 12555 | D:11     | Noticed a +0 dagger
 12555 | D:11     | Noticed a +0 spear
 12555 | D:11     | Noticed a +0 dagger
 12555 | D:11     | Noticed a +0 falchion
 12557 | D:11     | Noticed a +0 spear
 12557 | D:11     | Noticed a +0 falchion
 12579 | D:11     | Noticed a +0 short sword
 12584 | D:11     | Found a hide-covered altar of Uskayaw.
 12752 | D:11     | Found a staircase to the Orcish Mines.
 12861 | D:11     | Reached skill level 5 in Polearms
 13096 | D:11     | Reached skill level 9 in Shields
 14420 | Lair:1   | Entered Level 1 of the Lair of Beasts
 15576 | Lair:2   | Reached XP level 12. HP: 100/100 MP: 18/18
 15610 | Lair:2   | Identified the +2 mace "Isillos" {flame, rC- Int+3 Stlth+}
 15670 | Lair:2   | Reached skill level 10 in Shields
 17175 | Lair:3   | Reached skill level 11 in Shields
 17611 | Lair:3   | Found a hole to the Spider Nest.
 17731 | Lair:3   | Noticed Rupert
 17736 | Lair:3   | Banished Rupert
 18113 | Lair:3   | Reached skill level 10 in Invocations
 18406 | Lair:3   | Found a staircase to the Swamp.
 18698 | Lair:4   | Noticed a catoblepas
 18731 | Lair:4   | Killed a catoblepas
 18959 | Lair:4   | Noticed a seven-headed hydra
 18967 | Lair:4   | Killed a seven-headed hydra
 19144 | Lair:4   | Noticed a death yak
 19144 | Lair:4   | Noticed a death yak
 19176 | Lair:4   | Killed a death yak
 19177 | Lair:4   | Reached skill level 12 in Shields
 19363 | Lair:4   | Noticed a death yak
 19364 | Lair:4   | Noticed a death yak
 19393 | Lair:4   | Noticed a death yak
 19405 | Lair:4   | Killed a death yak
 19406 | Lair:4   | Reached XP level 13. HP: 58/108 MP: 20/20
 20280 | Lair:5   | Noticed Nessos
 20485 | Lair:5   | Noticed Snorg
 20491 | Lair:5   | Banished Snorg
 20492 | Lair:5   | Reached skill level 10 in Dodging
 20619 | Lair:5   | Found a runed translucent door.
 20619 | Lair:5   | Found a viscous altar of Jiyva.
 20620 | Lair:5   | Found a staircase to the Slime Pits.
 20701 | Lair:5   | Banished Nessos
 20702 | Lair:5   | Reached skill level 1 in Throwing
 21477 | Lair:6   | Entered Level 6 of the Lair of Beasts
 21851 | Lair:5   | Reached skill level 13 in Shields
 22626 | Lair:6   | Reached XP level 14. HP: 94/119 MP: 22/22
 23219 | Lair:5   | Reached skill level 10 in Fighting
 23957 | Lair:6   | Reached ***** piety under Lugonu
 24145 | Lair:6   | Reached skill level 14 in Shields
 24431 | Lair:6   | Paralysed by a hornet for 1 turns
 26263 | Orc:1    | Entered Level 1 of the Orcish Mines
 26300 | Orc:1    | Found a transporter.
 26305 | Orc:1    | Noticed Anuhiqid's ghost (journeyman TeBe)
 26867 | Orc:1    | Found a transporter.
 27273 | D:11     | Reached ****** piety under Lugonu
 28030 | Orc:2    | Entered Level 2 of the Orcish Mines
 28429 | Orc:2    | Reached XP level 15. HP: 128/129 MP: 24/24
 28701 | Orc:2    | Noticed an orc warlord
 28705 | Orc:2    | Paralysed by an orc sorcerer for 5 turns
 28747 | Orc:2    | Killed an orc warlord
 28944 | Orc:2    | Found Racidaor's Antique Weapon Boutique.
 29251 | Orc:2    | Found Agysug's General Store.
 29265 | Orc:2    | Bought a scroll of teleportation for 39 gold pieces
 29265 | Orc:2    | Bought a scroll of enchant armour for 97 gold pieces
 29265 | Orc:2    | Bought 4 curare-tipped darts for 31 gold pieces
 29265 | Orc:2    | Bought a wand of flame (6) for 52 gold pieces
 29424 | Orc:2    | Reached skill level 15 in Shields
 29459 | Orc:2    | Reached skill level 10 in Polearms
 29595 | Orc:2    | Found a staircase to the Elven Halls.
 29773 | Orc:2    | Noticed an orc warlord
 29801 | Orc:2    | Banished an orc warlord
 30685 | Orc:2    | Gained mutation: You tend to lose your temper in combat. [a
                  | neqoxec]
 31037 | Orc:2    | Found Geut's Armour Boutique.
 31374 | Orc:2    | Found Doliwet's Antique Weapon Shop.
 33144 | D:14     | Identified the ring of Ohyplis {Fire Fly rElec MP+9 Stlth+}
 34448 | D:14     | Found a gate to the Vaults.
 34746 | D:14     | Found the +10 dark maul {vorpal}
 34899 | D:15     | Entered Level 15 of the Dungeon
 35054 | D:14     | Reached skill level 16 in Shields
 35322 | D:15     | Found Funaach's Distillery.
 35349 | D:15     | Cast into level 3 of the Abyss (a wizard)
 35564 | Abyss:4  | Noticed a bone dragon
 35569 | D:15     | Escaped the Abyss
 35570 | D:15     | Demolished by a skeletal warrior

Illustrated notes

Levels and vault maps discovered:
D:1:      grunt_arrival_crossed_arrows, layout_basic
D:2:      layout_basic
D:3:      layout_loops_ring, worldfamousw_hep_ancestral_shrine,
          lemuel_coloured_pillars_altar, mainiacjoe_overflow_surrounded_room
D:4:      layout_cave_pools, mainiacjoe_overflow_cross_hatched,
          minmay_temple_entry_ruins
D:5:      layout_basic
D:6:      layout_loops_corners, okawaru_ov_weapons_minmay, uniq_prince_ribbit1,
          uniq_duvessa
D:7:      layout_loops_ring, ebering_ghost_rock_garden
D:8:      layout_rooms, kennysheep_little_box, mainiacjoe_overflow_24_doors,
          chequers_guarded_unrand_ignorance, uniq_pikel
D:9:      layout_long_grid, mainiacjoe_overflow_chevrons
D:10:     gammafunk_indiana_jones, layout_loops_ring, amcnicky_altar_gilded,
          grunt_dithmenos_smoke, due_lair_maze_entry_diamond
D:11:     layout_basic, kennysheep_orc_monster_closet_entryway,
          nicolae_uskayaw_en_pointe, uniq_maurice
D:12:     layout_long_grid
D:13:     layout_basic, minmay_misc_feat_five
D:14:     layout_roguey, grunt_vaults_entry_tiered
D:15:     hangedman_depths_entry_civil_slaughter, layout_rooms, serial_shops,
          shop_statue, kb_rosetta
Lair:1:   layout_cave_pods
Lair:2:   layout_regular_city
Lair:3:   layout_roguey, skrybe_swamp_entry_bodies,
          nicolae_spider_entry_orb_guardian, lemuel_fruit_tree,
          lemuel_fruit_fields, uniq_rupert
Lair:4:   layout_roguey, serial_bayou_shore_a, grunt_megastairs_4
Lair:5:   layout_hall_layers, slime_altar_2, uniq_nessos, uniq_snorg
Lair:6:   minmay_lair_end_enchanted_forest, layout_cellular_growth,
          minmay_shattered_shrine, serial_bayou_shore_b
Orc:1:    layout_diamond_mine, portal_ice_cave_entry_imps, gammafunk_ghost_arena
Orc:2:    pubby_orc_utopia

Skill      XL: |  1  2  3  4  5  6  7  8  9 10 11 12 13 14 15 |
---------------+----------------------------------------------+-----
Dodging        | 3 4 5 6 8 9 10 11 12 | 12.0
Maces & Flails | 1 2 3 4 6 7 |  7.3
Fighting       | 4 5 6 7 8 9 11 12 | 12.1
Invocations    | 3 4 5 6 7 9 10 11 12 13 | 13.8
Shields        | 3 7 9 12 13 14 16 | 16.0
Polearms       | 2 4 5 7 8 9 10 | 10.8
Throwing       | 1 |  1.9
Long Blades    | |  2.6
Evocations     | |  0.2

Action                   |  1- 3 |  4- 6 |  7- 9 | 10-12 | 13-15 || total
-------------------------+-------+-------+-------+-------+-------++-------
Melee: Falchion          |    77 |       |       |       |       ||    77
       Tailslap          |     5 |    19 |    43 |   151 |   451 ||   669
       Mace              |    39 |   170 |   171 |       |       ||   380
       Punch             |       |     3 |     2 |       |       ||     5
       Spear             |       |       |    72 |   859 |  2398 ||  3329
Throw: Dart              |       |    11 |       |       |    63 ||    74
Invok: Depart the Abyss  |     1 |       |       |       |     1 ||     2
       Bend Space        |       |       |     1 |     2 |     1 ||     4
       Banish            |       |       |     1 |    10 |     5 ||    16
 Abil: Breathe Fire      |       |       |    22 |    15 |    26 ||    63
Evoke: Wand              |       |       |       |     4 |     3 ||     7
       Lightning rod     |       |       |       |     2 |       ||     2
  Use: Scroll            |       |     8 |     8 |     6 |     6 ||    28
       Potion            |       |       |     1 |     8 |     2 ||    11
 Stab: Sleeping          |     2 |     2 |     1 |     2 |     8 ||    15
       Distracted        |       |       |     1 |       |     2 ||     3
       Petrified         |       |       |       |     4 |    14 ||    18
       Invisible         |       |       |       |     1 |       ||     1
       Petrifying        |       |       |       |       |     2 ||     2
Armor: Skin              |    50 |    79 |    81 |   135 |   307 ||   652
Dodge: Dodged            |   108 |   126 |   175 |   207 |   666 ||  1282
Block: Tower shield      |       |       |   139 |  1068 |  2873 ||  4080

Table legend: (Time is in decaauts)
 A = Elapsed time spent in this place.
 B = Non-inter-level travel time spent in this place.
 C = Inter-level travel time spent in this place.
 D = Time resting spent in this place.
 E = Time spent auto-exploring this place.
 F = Levels seen in this place.
 G = Mean time per level.
                   A        B        C        D        E       F      G
               +--------+--------+--------+--------+--------+-----+--------+
         Total |  35641 |  33809 |   1832 |  11419 |  13014 |  26 | 1370.8 |
       Dungeon |  19605 |  18312 |   1293 |   5872 |   7936 |  15 | 1307.0 |
          Lair |  11726 |  11297 |    429 |   4122 |   4072 |   6 | 1954.3 |
  Orcish Mines |   4056 |   3946 |    110 |   1326 |    965 |   2 | 2028.0 |
         Abyss |    254 |    254 |      0 |     98 |     40 |   3 |   84.7 |
               +--------+--------+--------+--------+--------+-----+--------+

Top non-repeatable levels by time:
   Orc:2: 3304 daAuts
  Lair:5: 3011 daAuts
    D:11: 2876 daAuts
  Lair:6: 2800 daAuts
    D:14: 1858 daAuts
     D:7: 1853 daAuts
  Lair:3: 1743 daAuts
  Lair:4: 1678 daAuts
     D:6: 1667 daAuts
     D:9: 1610 daAuts
     D:4: 1448 daAuts
    D:10: 1419 daAuts
  Lair:2: 1334 daAuts
    D:12: 1308 daAuts
  Lair:1: 1158 daAuts
